AoeStats
← neozozevil45

Oasis

509528611Analyzed
4v4 RM · 5d ago on Sep 27, 2026· 29m 42s· 8 players
Game mode
Random Map
Map size
Large (8 player)
Population
200
Speed
Normal
Resources
Standard
Victory
Conquest
Starting age
Dark Age
Ending age
Imperial Age
RankedLock teamsTeams togetherTeam positionsShared explorationLock speedFull tech treeHidden civsTurbo modeCheats
Victory
Defeat
🇺🇸 Mongols · United States
1111
+13
🇺🇸 Teutons · United States
1014
+17
🇺🇸 Italians · United States
1004
+18
🇺🇸 Franks · United States
991
+18
🇲🇽 Bulgarians · Mexico
1101
-18
🇲🇽 Saxons · Mexico
1074
-17
🇲🇽 Mongols · Mexico
1071
-18
🇺🇸 Tupi · United States
947
-13
NeessQuiick
10:49 Feudal Age
15:06 Castle Age
13:44 Gold Mining
13:44 Double-Bit Axe
22:33 Horse Collar
29:42 Wheelbarrow
29:36 Loom
neozozevil45
11:29 Feudal Age
11:53 Loom
18:07 Castle Age
22:54 Fletching
23:04 Padded Archer Armor
omarUMP
0:26 Loom
13:36 Feudal Age
18:25 Castle Age
20:22 Double-Bit Axe
28:04 Fletching
28:39 Bodkin Arrow
NikoNikoNiiUwUQueen
7:08 Loom
9:36 Feudal Age
10:03 Double-Bit Axe
10:23 Horse Collar
15:05 Wheelbarrow
21:55 Bloodlines
28:01 Scale Barding Armor
28:06 Forging
chasegardner1602
3:25 Loom
12:26 Feudal Age
13:00 Double-Bit Axe
12:59 Horse Collar
16:15 Gold Mining
17:24 Stone Mining
21:47 Castle Age
19:56 Fletching
20:47 Padded Archer Armor
22:56 Bow Saw
22:51 Heavy Plow
23:26 Thumb Ring
24:48 Wheelbarrow
24:17 Elite Skirmisher
25:25 Ballistics
26:53 Bodkin Arrow
27:12 Murder Holes
27:49 Leather Archer Armor
28:42 Masonry
28:55 Hand Cart
cantar101
7:36 Loom
10:04 Feudal Age
13:28 Scale Barding Armor
13:34 Forging
21:07 Castle Age
19:24 Stone Mining
20:04 Bloodlines
19:56 Horse Collar
20:08 Double-Bit Axe
ballupg11
4:23 Loom
12:33 Feudal Age
13:04 Horse Collar
13:12 Double-Bit Axe
14:42 Arson
20:36 Castle Age
18:30 Stone Mining
18:57 Gold Mining
19:53 Forging
20:18 Bloodlines
22:01 Bow Saw
21:54 Heavy Plow
22:39 Wheelbarrow
22:26 Squires
22:51 Town Watch
25:08 Stone Shaft Mining
24:43 Fletching
25:55 Scale Mail Armor
25:21 Pikeman
gardner9047
6:20 Loom
12:08 Feudal Age
12:59 Double-Bit Axe
22:18 Castle Age
28:32 Wheelbarrow
28:21 Gold Mining
28:22 Stone Mining
29:04 Bow Saw
30:31 Gold Shaft Mining
Connection lost

Rejoining the realm…

Still unreachable

The connection could not be restored.

Session expired

The server has moved on; the page needs a fresh start.